 Dungeon Crawl Stone Soup version 0.27-a0-1149-g4505690ab0 (webtiles) character file.

Game seed: 8633722604452944185

80 Pagrax the Gusty (level 3, 0/26 HPs)
             Began as a Demigod Air Elementalist on May 13, 2021.
             Slain by an adder (4 damage)
             ... on level 2 of the Dungeon.
             The game lasted 00:17:54 (2828 turns).

Pagrax the Gusty (Demigod Air Elementalist)         Turns: 2828, Time: 00:17:54

Health: 0/26       AC:  3    Str:  6 (9)  XL:     3   Next: 98%
Magic:  2/8        EV: 12    Int: 18 (21) God:
Gold:   51         SH:  0    Dex: 13 (14) Spells: 2/6 levels left

rFire    . . .     SeeInvis .   b - +0 dagger
rCold    . . .     Faith    .   (no shield)
rNeg     . . .     Spirit   .   a - +1 robe
rPois    .         Reflect  .   (no helmet)
rElec    .         Harm     .   (no cloak)
rCorr    .         Rampage  .   (no gloves)
Will     .....                  (no boots)
Stlth    ++........             (no amulet)
HPRegen  0.08/turn              (no ring)
MPRegen  0.11/turn              (no ring)

@: lethally poisoned (0 -> -7)
A: high mp 1, forlorn
a: no special abilities


You were on level 2 of the Dungeon.
You visited 1 branch of the dungeon, and saw 2 of its levels.

You collected 51 gold pieces.

Inventory:

Hand Weapons
 b - a +0 dagger (weapon)
 h - a +0 club
Armour
 a - a +1 robe (worn)
Scrolls
 d - a scroll of noise {unknown}
 e - a scroll of enchant armour
 f - a scroll of identify {unknown}
Potions
 c - a potion of curing {unknown}


   Skills:
 + Level 2.3 Dodging
 + Level 2.3 Stealth
 * Level 2.2 Spellcasting
 * Level 2.1 Conjurations
 - Level 3.1 Air Magic


You had 2 spell levels left.
You knew the following spells:

 Your Spells              Type           Power      Damage    Failure   Level
a - Shock                 Conj/Air       44%        1d5       6%          1
b - Swiftness             Air            13%        N/A       16%         3

Your spell library contained the following spells:

 Spells                   Type           Power      Damage    Failure   Level
 Static Discharge         Conj/Air       11%        N/A       9%          2
 Airstrike                Air            6%         N/A       45%         4
 Lightning Bolt           Conj/Air       5%         1d17      86%         5


Dungeon Overview and Level Annotations

Branches:
Dungeon (2/15)


Innate Abilities, Weirdness & Mutations

Your attributes grow dramatically as you level up.
You have an increased reservoir of magic. (+10% MP)
You shall have no god before yourself.


Message History

The adder bites you.
You are poisoned.
The adder poisons you!
You miss the adder.
The adder is heavily wounded.
You feel sick. The adder misses you. The adder closely misses you.
You hit the adder.
The adder is heavily wounded.
You feel sick. The adder barely misses you.
You feel sick.
You feel sick. The adder bites you but does no damage.
You feel sick.
You feel sick.
You are no longer poisoned.
The adder closely misses you. The adder barely misses you.
The adder barely misses you. The adder closely misses you.
The adder barely misses you.
The zap hits the adder.
The adder is heavily wounded.
The adder bites you.
You are poisoned.
The adder poisons you!
You feel sick.
You feel sick. The adder bites you.
You are lethally poisoned!
The adder poisons you!
As you read the scroll labelled WONISS YWEENE, it crumbles to dust.
It is a scroll of enchant armour.
Your +0 robe glows green for a moment.
* * * LOW HITPOINT WARNING * * *
You feel very sick. The adder closely misses you.
It was a potion of degeneration.
There was something very wrong with that liquid.
You feel weakened.
You feel dopey.
You feel clumsy.
* * * LOW HITPOINT WARNING * * *
You feel sick. The adder bites you.
You die...

###
##################.#
.................#.#
################S#.#
.# #@#.############
.#####
#####.#.#.)).......#
.....#
#.........########.#
.###.#############.#.#
.# #......######.#.# #
#......'....(.#.#
#......######.#.#
#.<....# .....
#......# .#.#.#


You could see an adder.

Vanquished Creatures
  An iguana (D:2)
  A dart slug (D:1)
  5 ball pythons (D:1)
  4 bats (D:1)
  3 endoplasms
  7 goblins
  5 hobgoblins
  10 jackals (D:1)
  2 kobolds
  A frilled lizard (D:1)
  5 rats
44 creatures vanquished.

Vanquished Creatures (others)
  A plant (D:1)
1 creature vanquished.

Grand Total: 45 creatures vanquished

Notes
Turn   | Place    | Note
-------+----------+-------------------------------------------
     0 | D:1      | Pagrax the Demigod Air Elementalist began the quest for the
                  | Orb.
     0 | D:1      | Reached XP level 1. HP: 14/14 MP: 5/5
    53 | D:1      | Reached skill level 3 in Air Magic
   669 | D:1      | Reached skill level 1 in Conjurations
   736 | D:1      | Reached XP level 2. HP: 20/20 MP: 2/7
  2039 | D:1      | Reached XP level 3. HP: 24/26 MP: 0/8
  2275 | D:1      | Learned a level 3 spell: Swiftness
  2828 | D:2      | Slain by an adder

Illustrated notes

Levels and vault maps discovered:
D:1:      dpeg_arrival_arbitrary_b, layout_basic, shapermc_ecumenical_altar_gd
D:2:      layout_basic, minmay_fractal_squares_gapless_5

Skill      XL: |  1  2  3 |
---------------+----------+-----
Air Magic      | 3 |  3.1
Conjurations   | 1 2 |  2.1
Stealth        | 2 |  2.3
Dodging        | 2 |  2.3
Spellcasting   | 2 |  2.2

Action                   || total
-------------------------++-------
Melee: Unarmed           ||    10
       Dagger            ||    52
 Cast: Shock             ||    86
  Use: Scroll            ||     1
       Potion            ||     1
Armor: Robe              ||    22
Dodge: Dodged            ||    86

Table legend: (Time is in decaauts)
 A = Elapsed time spent in this place.
 B = Non-inter-level travel time spent in this place.
 C = Inter-level travel time spent in this place.
 D = Time resting spent in this place.
 E = Time spent auto-exploring this place.
 F = Levels seen in this place.
 G = Mean time per level.
                   A        B        C        D        E       F      G
               +--------+--------+--------+--------+--------+-----+--------+
         Total |   2827 |   2827 |      0 |   1750 |    408 |   2 | 1413.5 |
       Dungeon |   2827 |   2827 |      0 |   1750 |    408 |   2 | 1413.5 |
               +--------+--------+--------+--------+--------+-----+--------+

Top non-repeatable levels by time:
     D:1: 2557 daAuts
     D:2: 269 daAuts
